 Dungeon Crawl Stone Soup version 0.28.0-1-gb440e238dd (webtiles) character file.

Game seed: 434879952755984153

119 Ablot the Grasshopper (level 5, 0/43 HPs)
             Began as a Gnoll Warper on Feb 26, 2022.
             Slain by Crazy Yiuf (4 damage)
             ... on level 2 of the Dungeon.
             The game lasted 00:02:24 (2354 turns).

Ablot the Grasshopper (Gnoll Warper)                Turns: 2354, Time: 00:02:26

Health: 0/43       AC:  4    Str: 12    XL:     5   Next: 3%
Magic:  9/12       EV: 13    Int: 12    God:
Gold:   29         SH:  0    Dex: 12    Spells: 12/14 levels left

rFire   . . .      SeeInvis .   o - +2 rapier (drain)
rCold   . . .      Faith    .   (no shield)
rNeg    . . .      Spirit   .   b - +0 leather armour
rPois   .          Reflect  .   (no helmet)
rElec   .          Harm     .   (no cloak)
rCorr   .          Rampage  .   q - +0 pair of gloves
Will    .....                   (no boots)
Stlth   +.........              (no amulet)
HPRegen 0.14/turn               (no ring)
MPRegen 0.13/turn               (no ring)

@: lethally poisoned (0 -> -3)
A: fangs 1, strong nose, distributed training
a: no special abilities


You were on level 2 of the Dungeon.
You visited 1 branch of the dungeon, and saw 2 of its levels.

You collected 29 gold pieces.

Inventory:

Hand Weapons
 a - a +0 spear
 o - a +2 rapier of draining (weapon)
Missiles
 d - 5 boomerangs of dispersal (quivered)
 e - 11 sling bullets
 f - 38 arrows
 p - 28 stones
Armour
 b - a +0 leather armour (worn)
 q - a +0 pair of gloves (worn)
Magical Staves
 m - a staff of conjuration
Scrolls
 c - a scroll of blinking
 g - a scroll of torment {unknown}
 h - a scroll of enchant weapon {unknown}
 i - 3 scrolls of teleportation {unknown}
 k - a scroll of fear {unknown}
 t - a scroll of identify {unknown}
 u - a scroll of brand weapon {unknown}
Potions
 j - a potion of heal wounds {unknown}
 l - a potion of lignification {unknown}
 n - a potion of ambrosia {unknown}
 r - a potion of curing {unknown}
 s - a potion of magic {unknown}


   Skills:
 + Level 4.7 Fighting
 + Level 1.3 Short Blades
 + Level 1.3 Long Blades
 + Level 1.3 Axes
 + Level 1.3 Maces & Flails
 + Level 4.7 Polearms
 + Level 1.3 Staves
 + Level 1.3 Slings
 + Level 1.3 Bows
 + Level 1.3 Crossbows
 + Level 2.8 Throwing
 + Level 2.8 Armour
 + Level 4.7 Dodging
 + Level 1.3 Stealth
 + Level 1.3 Shields
 + Level 1.3 Unarmed Combat
 + Level 5.1 Spellcasting
 + Level 1.0 Conjurations
 + Level 1.0 Hexes
 + Level 1.0 Summonings
 + Level 1.0 Necromancy
 + Level 5.5 Translocations
 + Level 1.0 Transmutations
 + Level 1.0 Fire Magic
 + Level 1.0 Ice Magic
 + Level 1.0 Air Magic
 + Level 1.0 Earth Magic
 + Level 1.0 Poison Magic
 + Level 1.4 Invocations
 + Level 1.3 Evocations


You had 12 spell levels left.
You knew the following spells:

 Your Spells              Type           Power      Damage    Failure   Level
a - Blink                 Tloc           32%        N/A       4%          2

Your spell library contained the following spells:

 Spells                   Type           Power      Damage    Failure   Level
 Gell's Gravitas          Tloc           16%        N/A       8%          3
 Lesser Beckoning         Tloc           16%        N/A       8%          3
 Teleport Other           Tloc           16%        N/A       8%          3
 Summon Small Mammal      Summ           20%        N/A       16%         1
 Call Canine Familiar     Summ           5%         N/A       43%         3
 Summon Guardian Golem    Hex/Summ       5%         N/A       43%         3
 Manifold Assault         Tloc           16%        N/A       58%         5
 Cause Fear               Hex            2%         N/A       85%         4
 Dragon Form              Tmut           2%         N/A       100%        7
 Dragon's Call            Summ           2%         N/A       100%        9


Dungeon Overview and Level Annotations

Branches:
Dungeon (2/15)

Altars:
Ru

Shops:
D:1 *=

Annotations:
D:2 Crazy Yiuf


Innate Abilities, Weirdness & Mutations

You have very sharp teeth.
Your uncanny sense of smell can sniff out nearby items.
Your experience applies equally to all skills.


Message History

The iron imp disappears in a puff of smoke!
You have reached level 5!
Unknown command.
Items here: ) ÷÷÷ †.
You see here a worm corpse.
Found a leather armour.
You aren't carrying any pieces of jewellery.
Found a stone staircase leading down.
There is an open door here.
There is an open door here.
You see here a worm corpse.
Found a mace.
Found a runed translucent door.
Crazy Yiuf shouts!
You open the door. You closely miss Crazy Yiuf.
Crazy Yiuf hits you with a +2 quarterstaff of chaos.
You are poisoned.
You barely miss Crazy Yiuf.
You feel very sick. Crazy Yiuf closely misses you.
You hit Crazy Yiuf. Your punch misses Crazy Yiuf.
Crazy Yiuf is moderately wounded.
You feel sick. Crazy Yiuf misses you.
You hit Crazy Yiuf but do no damage. You drain Crazy Yiuf.
Crazy Yiuf is heavily wounded.
You feel sick.
Crazy Yiuf hits you with a +2 quarterstaff of chaos.
You feel your power leaking away.
You hit Crazy Yiuf. You bite Crazy Yiuf, but do no damage.
Crazy Yiuf is severely wounded.
You feel sick.
Crazy Yiuf hits you with a +2 quarterstaff of chaos!
Crazy Yiuf freezes you.
You barely miss Crazy Yiuf.
Crazy Yiuf is severely wounded.
You feel sick.
Crazy Yiuf hits you with a +2 quarterstaff of chaos!
* * * LOW HITPOINT WARNING * * *
Crazy Yiuf freezes you.
You die...

#.##
#....####
#.###..# #.#
##..##
#......# #.#
♣....♣
#####.## ..#
♣♣...♣ #.##
##### ♣♣.♣♣
###### #.##
###.## ♣♣.♣
#....# #.#.
.....####
♣.♣♣ ####.#
#.#.
##......#
♣♣.♣
####.####.#.
#..###.#
♣@♣♣
#...........
#..# #.# #g#
#.##..#.....
#..###.###
...
##.....#...#
#........#
#...#
##.....##.##
#.####.#.#
#)..#
#..._).##.#
#.####.#.#
#####
##......#.#
#........#
#......#'##
####.#####
###
###.##....#
# #.## #.###
#.##.....


You could see Crazy Yiuf (drained).

Vanquished Creatures
  Natasha (twice) (D:2)
  2 adders (D:2)
  2 worms (D:2)
  3 bats (D:1)
  6 goblins
  5 hobgoblins
  4 jackals (D:2)
  3 quokkas
  4 ball pythons
  4 frilled lizards
  3 kobolds (D:1)
  7 rats
45 creatures vanquished.

Notes
Turn   | Place    | Note
-------+----------+-------------------------------------------
     0 | D:1      | Ablot the Gnoll Warper began the quest for the Orb.
     0 | D:1      | Reached XP level 1. HP: 20/20 MP: 6/6
   194 | D:1      | Reached XP level 2. HP: 26/26 MP: 7/7
   197 | D:1      | Learned a level 2 spell: Blink
   209 | D:1      | Found a faded altar of an unknown god.
   789 | D:1      | Found Angy Argh's Jewellery Emporium.
   811 | D:1      | Found Zolaukle's General Store.
  1200 | D:2      | Reached XP level 3. HP: 30/31 MP: 9/9
  1346 | D:2      | Noticed Natasha
  1352 | D:2      | Killed Natasha
  1353 | D:2      | Reached skill level 5 in Spellcasting
  1353 | D:2      | Reached skill level 1 in Invocations
  1456 | D:2      | Reached skill level 1 in Short Blades
  1456 | D:2      | Reached skill level 1 in Long Blades
  1456 | D:2      | Reached skill level 1 in Axes
  1456 | D:2      | Reached skill level 1 in Maces & Flails
  1456 | D:2      | Reached skill level 1 in Staves
  1456 | D:2      | Reached skill level 1 in Slings
  1456 | D:2      | Reached skill level 1 in Bows
  1456 | D:2      | Reached skill level 1 in Crossbows
  1456 | D:2      | Reached skill level 1 in Stealth
  1456 | D:2      | Reached skill level 1 in Shields
  1456 | D:2      | Reached skill level 1 in Unarmed Combat
  1456 | D:2      | Reached skill level 1 in Evocations
  1577 | D:2      | Reached XP level 4. HP: 37/38 MP: 11/11
  1612 | D:2      | Found a sacrificial altar of Ru.
  2003 | D:2      | Reached skill level 1 in Conjurations
  2003 | D:2      | Reached skill level 1 in Hexes
  2003 | D:2      | Reached skill level 1 in Summonings
  2003 | D:2      | Reached skill level 1 in Necromancy
  2003 | D:2      | Reached skill level 1 in Transmutations
  2003 | D:2      | Reached skill level 1 in Fire Magic
  2003 | D:2      | Reached skill level 1 in Ice Magic
  2003 | D:2      | Reached skill level 1 in Air Magic
  2003 | D:2      | Reached skill level 1 in Earth Magic
  2003 | D:2      | Reached skill level 1 in Poison Magic
  2136 | D:2      | Noticed Natasha
  2141 | D:2      | Killed Natasha
  2142 | D:2      | Reached XP level 5. HP: 31/43 MP: 12/12
  2344 | D:2      | Found a runed translucent door.
  2345 | D:2      | Noticed Crazy Yiuf
  2354 | D:2      | Slain by Crazy Yiuf

Illustrated notes

Levels and vault maps discovered:
D:1:      lightli_arrival_isolated_outpost, layout_loops_ring,
          ebering_ecumenical_altar_abandoned, serial_shops, shop,
          nicolae_shop_hallway_plus
D:2:      layout_loops_corners, basic_altar, uniq_crazy_yiuf_cottage,
          uniq_natasha

Skill      XL: |  1  2  3  4 |
---------------+-------------+-----
Spellcasting   | 5 |  5.1
Invocations    | 1 |  1.4
Short Blades   | 1 |  1.3
Long Blades    | 1 |  1.3
Axes           | 1 |  1.3
Maces & Flails | 1 |  1.3
Staves         | 1 |  1.3
Slings         | 1 |  1.3
Bows           | 1 |  1.3
Crossbows      | 1 |  1.3
Stealth        | 1 |  1.3
Shields        | 1 |  1.3
Unarmed Combat | 1 |  1.3
Evocations     | 1 |  1.3
Conjurations   | 1 |  1.0
Hexes          | 1 |  1.0
Summonings     | 1 |  1.0
Necromancy     | 1 |  1.0
Transmutations | 1 |  1.0
Fire Magic     | 1 |  1.0
Ice Magic      | 1 |  1.0
Air Magic      | 1 |  1.0
Earth Magic    | 1 |  1.0
Poison Magic   | 1 |  1.0
Fighting       | |  4.7
Polearms       | |  4.7
Throwing       | |  2.8
Armour         | |  2.8
Dodging        | |  4.7
Translocations | |  5.5

Action                   |  1- 3 |  4- 6 || total
-------------------------+-------+-------++-------
Melee: Spear             |    69 |       ||    69
       Bite              |     5 |     8 ||    13
       Rapier            |    24 |    50 ||    74
       Punch             |       |     1 ||     1
Armor: Leather armour    |    11 |    17 ||    28
Dodge: Dodged            |    41 |    46 ||    87
